[ AOE2 MATCH · #508093973 ]
UnrankedBerbers vs Japanese
Player's team · WIN
Rival team · LOSS
[ REPLAY ANALYSIS · EXTRACTED FROM THE RECORDED GAME ]
Feudal
13:22
Castle
21:52
Imperial
—
| APM avg | 47.6 |
| APM peak | 106 |
| eAPM avg | 26.7 |
| Villagers / military | 180 / 148 |
Focus
⚔️ 33.2% · 🌾 66.8%
Knight ×49 · Cavalry Archer ×40 · Skirmisher ×16 · Genitour ×15 · Mangonel ×14 · Monk ×7
Feudal
8:58
Castle
24:13
Imperial
—
| APM avg | 49.6 |
| APM peak | 98 |
| eAPM avg | 29.9 |
| Villagers / military | 95 / 83 |
Focus
⚔️ 33.9% · 🌾 66.1%
Spearman ×52 · Militia ×11 · Archer ×9 · Mangonel ×6 · Scorpion ×3 · Cavalry Archer ×2
Match map
Initial resources + every placement click. Lines = walls · curves = elevation contours. ◆ gold · ⬟ stone · ● berries · ✦ relic · ◌ wall gap
Your base· ✓ Closed at 21:52 · 47t walls · 2 gate(s)
Etzel's base· ✓ Closed at 24:13 · 28t walls · 2 gate(s)
Smoothed initial terrain · ◌ = detected wall gap · hover for details
Inputs per minute
— lapoejs - - Etzel
Build order — lapoejs
First 150 of 491 actions detected
| 0:01 | Queue | Villager (Male) ×4 |
| 0:01 | Queue | Villager (Male) ×4 |
| 0:02 | Build | House |
| 0:04 | Build | House |
| 1:39 | Queue | Villager (Male) |
| 1:39 | Queue | Villager (Male) |
| 1:49 | Build | Lumber Camp |
| 1:57 | Queue | Villager (Male) |
| 1:58 | Queue | Villager (Male) |
| 2:10 | Queue | Villager (Male) |
| 2:10 | Queue | Villager (Male) |
| 2:38 | Queue | Villager (Male) |
| 2:38 | Queue | Villager (Male) |
| 3:04 | Queue | Villager (Male) |
| 3:04 | Queue | Villager (Male) |
| 3:43 | Queue | Villager (Male) |
| 3:44 | Queue | Villager (Male) |
| 3:50 | Build | House |
| 4:00 | Queue | Villager (Male) |
| 4:00 | Queue | Villager (Male) |
| 4:19 | Build | Palisade Wall |
| 4:26 | Queue | Villager (Male) |
| 4:38 | Build | Barracks |
| 4:43 | Queue | Villager (Male) |
| 4:53 | Queue | Villager (Male) |
| 5:05 | Queue | Villager (Male) |
| 5:24 | Build | Palisade Wall |
| 5:32 | Build | House |
| 5:37 | Queue | Militia |
| 5:38 | Queue | Villager (Male) |
| 5:55 | Queue | Militia |
| 5:59 | Queue | Villager (Male) |
| 6:03 | Build | House |
| 6:16 | Queue | Militia |
| 6:23 | Build | Palisade Wall |
| 6:31 | Build | Palisade Wall |
| 6:49 | Queue | Villager (Male) |
| 6:56 | Queue | Villager (Male) |
| 7:00 | Build | Palisade Wall |
| 7:16 | Queue | Villager (Male) |
| 7:28 | Queue | Villager (Male) |
| 8:00 | Build | Palisade Gate |
| 8:01 | Build | Palisade Wall |
| 8:02 | Queue | Villager (Male) |
| 8:03 | Queue | Villager (Male) |
| 8:07 | Build | Mill |
| 8:27 | Build | House |
| 8:44 | Queue | Villager (Male) |
| 8:52 | Build | Farm |
| 9:29 | Build | Farm |
| 9:31 | Queue | Villager (Male) |
| 9:52 | Build | House |
| 9:55 | Queue | Villager (Male) |
| 10:04 | Queue | Villager (Male) |
| 10:24 | Build | House |
| 10:39 | Build | House |
| 11:02 | Build | Mining Camp |
| 11:12 | Research | Feudal Age |
| 11:16 | Build | Palisade Wall |
| 11:26 | Queue | Villager (Male) |
| 11:46 | Research | Loom |
| 11:56 | Build | House |
| 11:57 | Build | House |
| 13:02 | Build | House |
| 13:09 | Build | House |
| 13:10 | Build | House |
| 13:12 | Build | House |
| 13:15 | Build | House |
| 13:19 | Build | Palisade Gate |
| 13:22 | Age | Feudal Age |
| 13:29 | Queue | Villager (Male) |
| 13:36 | Build | Palisade Wall |
| 13:53 | Build | Archery Range |
| 13:56 | Build | Farm |
| 13:56 | Build | Farm |
| 13:56 | Build | Farm |
| 13:56 | Build | Farm |
| 13:57 | Build | Farm |
| 13:57 | Build | Farm |
| 13:57 | Build | Farm |
| 13:57 | Build | Farm |
| 14:00 | Queue | Villager (Male) |
| 14:34 | Build | Farm |
| 14:57 | Queue | Archer |
| 14:58 | Queue | Archer |
| 15:12 | Research | Town Watch |
| 15:20 | Research | Double-Bit Axe |
| 15:46 | Build | Palisade Gate |
| 15:49 | Build | Palisade Wall |
| 15:56 | Queue | Villager (Male) |
| 16:04 | Build | Blacksmith |
| 16:08 | Queue | Villager (Male) |
| 16:19 | Queue | Archer |
| 16:19 | Queue | Archer |
| 16:31 | Build | Farm |
| 16:34 | Build | Farm |
| 16:47 | Queue | Villager (Male) |
| 16:48 | Research | Fletching |
| 16:48 | Research | Fletching |
| 17:00 | Queue | Skirmisher |
| 17:05 | Build | Farm |
| 17:06 | Queue | Villager (Male) |
| 17:12 | Build | Palisade Wall |
| 17:16 | Build | Farm |
| 17:18 | Queue | Villager (Male) |
| 17:19 | Build | Farm |
| 17:32 | Queue | Skirmisher |
| 17:32 | Queue | Skirmisher |
| 17:37 | Research | Padded Archer Armor |
| 17:42 | Queue | Villager (Male) |
| 17:57 | Queue | Skirmisher |
| 18:11 | Build | Market |
| 18:22 | Research | Padded Archer Armor |
| 18:24 | Queue | Skirmisher |
| 18:24 | Queue | Skirmisher |
| 18:40 | Queue | Villager (Male) |
| 19:12 | Research | Castle Age |
| 19:13 | Research | Castle Age |
| 19:19 | Build | Lumber Camp |
| 19:26 | Queue | Skirmisher |
| 19:26 | Queue | Skirmisher |
| 19:26 | Queue | Skirmisher |
| 19:26 | Queue | Skirmisher |
| 19:52 | Build | Archery Range |
| 20:00 | Queue | Skirmisher |
| 20:00 | Queue | Skirmisher |
| 20:01 | Queue | Villager (Male) |
| 20:11 | Queue | Villager (Male) |
| 20:11 | Queue | Villager (Male) |
| 20:19 | Queue | Skirmisher |
| 20:20 | Queue | Skirmisher |
| 20:46 | Build | House |
| 20:48 | Build | House |
| 20:49 | Queue | Skirmisher |
| 20:49 | Queue | Skirmisher |
| 21:05 | Build | Mining Camp |
| 21:52 | Age | Castle Age |
| 21:54 | Research | Bodkin Arrow |
| 21:54 | Research | Bodkin Arrow |
| 21:56 | Queue | Genitour |
| 21:56 | Queue | Genitour |
| 21:56 | Queue | Genitour |
| 22:00 | Queue | Cavalry Archer ×5 |
| 22:01 | Queue | Cavalry Archer ×5 |
| 22:23 | Queue | Cavalry Archer |
| 22:24 | Queue | Cavalry Archer |
| 22:24 | Queue | Villager (Male) |
| 22:32 | Build | Farm |
| 22:43 | Queue | Cavalry Archer |
| 22:43 | Queue | Cavalry Archer |
Build order — Etzel
First 150 of 286 actions detected
| 0:00 | Queue | Villager (Male) |
| 0:01 | Queue | Villager (Male) |
| 0:02 | Build | House |
| 0:02 | Queue | Villager (Male) |
| 0:03 | Build | House |
| 0:03 | Queue | Villager (Male) |
| 1:27 | Queue | Villager (Male) |
| 1:27 | Queue | Villager (Male) |
| 1:47 | Build | Lumber Camp |
| 2:00 | Queue | Villager (Male) |
| 2:00 | Queue | Villager (Male) |
| 2:27 | Queue | Villager (Male) |
| 2:53 | Queue | Villager (Male) |
| 2:55 | Queue | Villager (Male) |
| 3:40 | Queue | Villager (Male) |
| 3:58 | Build | House |
| 4:02 | Queue | Villager (Male) |
| 4:03 | Queue | Villager (Male) |
| 4:43 | Build | Barracks |
| 4:50 | Queue | Villager (Male) |
| 5:13 | Queue | Villager (Male) |
| 5:41 | Build | House |
| 5:46 | Queue | Villager (Male) |
| 6:16 | Queue | Villager (Male) |
| 6:48 | Research | Feudal Age |
| 6:49 | Research | Feudal Age |
| 6:57 | Queue | Militia |
| 7:17 | Build | House |
| 7:20 | Queue | Militia |
| 7:42 | Queue | Militia |
| 7:52 | Build | Palisade Wall |
| 8:01 | Queue | Militia |
| 8:31 | Build | Mining Camp |
| 8:54 | Queue | Villager (Male) |
| 8:58 | Age | Feudal Age |
| 9:01 | Research | Man-at-Arms (upgrade) |
| 9:29 | Queue | Militia |
| 9:32 | Queue | Villager (Male) |
| 9:40 | Queue | Villager (Male) |
| 9:48 | Build | Mill |
| 10:53 | Build | House |
| 11:05 | Build | Farm |
| 11:09 | Queue | Villager (Male) |
| 11:37 | Build | Farm |
| 11:38 | Build | Farm |
| 11:42 | Build | Palisade Wall |
| 11:48 | Build | Farm |
| 11:53 | Build | Farm |
| 12:12 | Build | Archery Range |
| 12:19 | Build | House |
| 12:28 | Research | Loom |
| 12:35 | Queue | Villager (Male) |
| 12:37 | Build | Farm |
| 12:43 | Build | Farm |
| 12:53 | Queue | Archer |
| 13:13 | Queue | Villager (Male) |
| 13:17 | Build | Farm |
| 13:33 | Queue | Archer |
| 13:36 | Build | Farm |
| 13:37 | Build | Farm |
| 13:44 | Queue | Villager (Male) |
| 14:10 | Queue | Archer |
| 14:20 | Queue | Villager (Male) |
| 14:21 | Queue | Villager (Male) |
| 14:29 | Queue | Villager (Male) |
| 14:30 | Queue | Villager (Male) |
| 14:33 | Build | Farm |
| 14:35 | Build | Farm |
| 15:01 | Queue | Villager (Male) |
| 15:02 | Queue | Villager (Male) |
| 15:22 | Build | Farm |
| 15:22 | Queue | Villager (Male) |
| 15:23 | Queue | Archer |
| 15:26 | Build | Farm |
| 15:29 | Build | Farm |
| 15:33 | Build | Farm |
| 15:34 | Build | Farm |
| 15:38 | Queue | Archer |
| 15:42 | Queue | Villager (Male) |
| 15:44 | Build | Farm |
| 16:14 | Queue | Villager (Male) |
| 16:27 | Queue | Villager (Male) |
| 16:53 | Build | Blacksmith |
| 16:56 | Queue | Archer |
| 17:05 | Queue | Militia |
| 17:07 | Queue | Militia |
| 17:10 | Queue | Villager (Male) |
| 17:21 | Build | Palisade Gate |
| 17:27 | Research | Fletching |
| 17:27 | Research | Fletching |
| 17:29 | Build | House |
| 17:34 | Build | Farm |
| 17:43 | Queue | Villager (Male) |
| 17:58 | Build | House |
| 18:29 | Queue | Archer |
| 18:30 | Queue | Archer |
| 18:36 | Build | House |
| 19:18 | Build | Palisade Gate |
| 19:18 | Build | Palisade Wall |
| 19:19 | Queue | Villager (Male) |
| 19:35 | Queue | Archer |
| 19:48 | Research | Horse Collar |
| 20:27 | Queue | Villager (Male) |
| 20:28 | Queue | Villager (Male) |
| 20:54 | Build | Market |
| 21:33 | Research | Castle Age |
| 21:33 | Research | Castle Age |
| 21:34 | Queue | Villager (Male) |
| 21:41 | Build | Palisade Wall |
| 22:05 | Build | Palisade Wall |
| 22:07 | Build | Palisade Wall |
| 22:17 | Queue | Spearman |
| 22:18 | Queue | Spearman |
| 22:27 | Build | Barracks |
| 22:30 | Build | Barracks |
| 23:17 | Research | Gold Mining |
| 23:19 | Research | Double-Bit Axe |
| 23:35 | Queue | Spearman |
| 23:35 | Queue | Militia |
| 23:35 | Queue | Spearman |
| 23:35 | Queue | Militia |
| 23:41 | Build | Farm |
| 23:43 | Queue | Villager (Male) |
| 23:44 | Build | Lumber Camp |
| 23:45 | Queue | Villager (Male) |
| 23:54 | Queue | Spearman |
| 23:54 | Queue | Militia |
| 23:55 | Queue | Militia |
| 23:55 | Queue | Spearman |
| 24:02 | Build | Barracks |
| 24:08 | Build | Barracks |
| 24:13 | Age | Castle Age |
| 24:27 | Build | Siege Workshop |
| 24:30 | Queue | Cavalry Archer |
| 24:30 | Queue | Cavalry Archer |
| 24:34 | Research | Pikeman (upgrade) |
| 24:35 | Research | Pikeman (upgrade) |
| 24:53 | Build | Town Center |
| 25:09 | Build | House |
| 25:16 | Queue | Mangonel |
| 25:24 | Research | Squires |
| 25:25 | Research | Squires |
| 25:26 | Queue | Spearman |
| 25:26 | Queue | Spearman |
| 25:39 | Build | House |
| 25:44 | Queue | Villager (Male) |
| 26:06 | Build | House |
| 26:26 | Queue | Spearman |
| 26:33 | Queue | Spearman |
| 26:33 | Queue | Spearman |
Match timeline
| 4:19 | lapoejs · wall_segment Palisade Wall x1 |
| 4:38 | lapoejs · first_building Barracks |
| 4:43 | Etzel · first_building Barracks |
| 5:24 | lapoejs · wall_segment Palisade Wall x8 |
| 6:23 | lapoejs · wall_segment Palisade Wall x21 |
| 6:31 | lapoejs · wall_segment Palisade Wall x7 |
| 7:00 | lapoejs · wall_segment Palisade Wall x4 |
| 7:52 | Etzel · wall_segment Palisade Wall x3 |
| 8:01 | lapoejs · wall_segment Palisade Wall x3 |
| 8:58 | Etzel · age_up feudal |
| 11:16 | lapoejs · wall_segment Palisade Wall x1 |
| 11:42 | Etzel · wall_segment Palisade Wall x1 |
| 12:12 | Etzel · first_building Archery Range |
| 13:22 | lapoejs · age_up feudal |
| 13:36 | lapoejs · wall_segment Palisade Wall x1 |
| 13:53 | lapoejs · first_building Archery Range |
| 15:49 | lapoejs · wall_segment Palisade Wall x1 |
| 17:12 | lapoejs · wall_segment Palisade Wall x3 |
| 19:10 | lapoejs · first_market_buy 100 food |
| 19:18 | Etzel · wall_segment Palisade Wall x1 |
| 21:41 | Etzel · wall_segment Palisade Wall x6 |
| 21:52 | lapoejs · age_up castle |
| 22:05 | Etzel · wall_segment Palisade Wall x11 |
| 22:07 | Etzel · wall_segment Palisade Wall x7 |
| 23:48 | lapoejs · first_building Siege Workshop |
| 24:13 | Etzel · age_up castle |
| 24:27 | Etzel · first_building Siege Workshop |
| 24:58 | Etzel · first_market_buy 100 wood |
| 25:13 | lapoejs · first_building Monastery |
| 25:15 | Etzel · first_market_sell 100 food |
| 29:06 | Etzel · wall_segment Palisade Wall x1 |
| 36:35 | lapoejs · first_building Stable |
| 36:51 | lapoejs · first_building Castle |
| 44:01 | Etzel · wall_segment Palisade Wall x1 |
| 45:41 | Etzel · resign |
[ AI ANALYSIS · 1 CREDIT ]
What really happened in this match?
Wolo.gg analyzes every decision: build order, eco, micro, common mistakes by bracket. Personalized analysis on WhatsApp or Discord in 30 seconds.
Civ guide
Berbers
Perfil
Jugador #4142107